[Event "Team 45 45 League T94"]
[Site "Internet Chess Club"]
[Date "2022.11.18"]
[Round "6"]
[White "ivanson"]
[Black "hipopotamos"]
[Result "0-1"]
[WhiteElo "1581"]
[BlackElo "1750"]
[Opening "Ruy Lopez: Schliemann defense"]
[ECO "C63"]
[Time "17:30:31"]
[PlyCount "72"]
[TimeControl "2700+45"]

1. e4 e5 2. Nf3 Nc6 3. Bb5 f5 4. d3 fxe4 5. dxe4 Nf6 6. O-O d6 7. Bc4 h6 8. Nc3
Na5 9. Be2 Be6 10. b4 Nc6 11. b5 Ne7 12. a4 Ng6 13. Bb2 Nf4 14. Re1 Nxe2+ 15.
Qxe2 Be7 16. Rad1 Qc8 17. Nd2 O-O 18. Nc4 c6 19. Nxd6 Qc7 20. Nf5 Bc5 21. Rd2
Bb4 22. Ne3 Bxc3 23. Bxc3 Nxe4 24. Nd1 Nxd2 25. Qxd2 Rad8 26. Qe2 cxb5 27. Bxe5
Qb6 28. axb5 Rd7 29. Bxg7 Kxg7 30. Qe5+ Kg8 31. h3 Bc4 32. Ne3 Qxb5 33. Nxc4
Qxc4 34. Re4 Qd5 35. Rg4+ Kh7 36. Rg7+ Kh8 {White resigns} 0-1

[Event "Team 45 45 League T94"]
[Site "Internet Chess Club"]
[Date "2022.11.22"]
[Round "6"]
[White "qs16"]
[Black "RD1974"]
[Result "1/2-1/2"]
[WhiteElo "1590"]
[BlackElo "1609"]
[Opening "Queen's pawn"]
[ECO "A40"]
[Time "16:03:12"]
[PlyCount "49"]
[TimeControl "2700+45"]

1. d4 e6 2. Nd2 Nf6 3. e3 b6 4. f4 Bb7 5. Ngf3 Be7 6. Bd3 c5 7. c3 O-O 8. O-O d6
9. b3 Ng4 10. Qe2 f5 11. Bb2 a6 12. c4 Bf6 13. h3 Nh6 14. e4 Qd7 15. Rae1 Nc6
16. e5 dxe5 17. fxe5 Be7 18. d5 Nb4 19. d6 Bd8 20. Bb1 Nf7 21. a3 Nc6 22. Bxf5
Bg5 23. Nxg5 Nxg5 24. Bc2 Nf7 25. Qh5 {Game drawn by mutual agreement} 1/2-1/2

[Event "Team 45 45 League T94"]
[Site "Internet Chess Club"]
[Date "2022.11.18"]
[Round "6"]
[White "vollmerj"]
[Black "fireball"]
[Result "1/2-1/2"]
[WhiteElo "1487"]
[BlackElo "1584"]
[Opening "Réti opening"]
[ECO "A04"]
[Time "14:31:26"]
[PlyCount "89"]
[TimeControl "2700+45"]

1. Nf3 c5 2. g3 Nf6 3. Bg2 d5 4. O-O e6 5. b3 Be7 6. Bb2 O-O 7. d3 Nc6 8. Nbd2
Qc7 9. e4 d4 10. c3 e5 11. cxd4 cxd4 12. Rc1 Be6 13. Nc4 Bxc4 14. Rxc4 Qd7 15.
Nh4 g6 16. a3 b5 17. Rc1 Rac8 18. Qd2 Kg7 19. Rc2 Nh5 20. Rfc1 Bxh4 21. gxh4 Nf4
22. Kh1 Qg4 23. f3 Qxg2+ 24. Qxg2 Nxg2 25. Kxg2 Ne7 26. Rc7 Kf6 27. R1c5 Rxc7
28. Rxc7 Rc8 29. Rxc8 Nxc8 30. Bc1 Nd6 31. f4 h5 32. fxe5+ Kxe5 33. Kf3 Ke6 34.
Bf4 Nb7 35. Bb8 a5 36. Ba7 Ke5 37. Bb6 a4 38. bxa4 bxa4 39. h3 Nd6 40. Bc7 Ke6
41. Bxd6 Kxd6 42. Kf4 Ke6 43. Kg3 Ke5 44. Kf3 f6 45. Kg3 {Game drawn by mutual
agreement} 1/2-1/2

[Event "Team 45 45 League T94"]
[Site "Internet Chess Club"]
[Date "2022.11.17"]
[Round "6"]
[White "herrahuu"]
[Black "Kingofknights"]
[Result "1-0"]
[WhiteElo "1495"]
[BlackElo "1480"]
[Opening "Caro-Kann: Panov-Botvinnik attack, 5...e6"]
[ECO "B14"]
[Time "11:00:10"]
[PlyCount "37"]
[TimeControl "2700+45"]

1. e4 c6 2. d4 d5 3. exd5 cxd5 4. c4 Nf6 5. Nc3 e6 6. Nf3 a6 7. cxd5 Nxd5 8. Bd3
Bb4 9. O-O Nxc3 10. bxc3 Bxc3 11. Rb1 Nc6 12. Be3 Bxd4 13. Nxd4 Nxd4 14. Bxd4
Qd5 15. Bc4 Qxc4 16. Bxg7 Rg8 17. Bf6 Bd7 18. g3 Bc6 19. Qd6 {Black resigns} 1-0

[Event "Team 45 45 League T94"]
[Site "Internet Chess Club"]
[Date "2022.11.18"]
[Round "6"]
[White "Toalla"]
[Black "SeniorCitizen"]
[Result "1-0"]
[WhiteElo "1178"]
[BlackElo "1259"]
[Opening "Queen's gambit declined"]
[ECO "D30"]
[Time "14:05:58"]
[PlyCount "55"]
[TimeControl "2700+45"]

1. d4 d5 2. c4 e6 3. Bf4 a6 4. a4 Bd6 5. Bxd6 cxd6 6. cxd5 e5 7. dxe5 dxe5 8. e4
Nf6 9. Nc3 O-O 10. Nf3 Bg4 11. h3 Bh5 12. Bd3 Nbd7 13. b4 h6 14. O-O Bg6 15. Re1
Rc8 16. Rc1 Rc7 17. Na2 Rxc1 18. Qxc1 Qb8 19. Qe3 b5 20. a5 Rc8 21. Rc1 Rxc1+
22. Nxc1 Qc7 23. Ne2 Nh7 24. Ng3 Ndf6 25. Qc5 Qxc5 26. bxc5 Nd7 27. Bc2 Kf8 28.
c6 {Black resigns} 1-0

[Event "Team 45 45 League T94"]
[Site "Internet Chess Club"]
[Date "2022.11.21"]
[Round "6"]
[White "woofgang"]
[Black "kabubi"]
[Result "0-1"]
[WhiteElo "1144"]
[BlackElo "1186"]
[Opening "Queen's pawn game"]
[ECO "A45"]
[Time "20:17:24"]
[PlyCount "60"]
[TimeControl "2700+45"]

1. d4 Nf6 2. e3 g6 3. Nf3 b6 4. Bd3 Bb7 5. b3 d5 6. Bb2 Bg7 7. Nbd2 O-O 8. O-O
Re8 9. Ne5 Nbd7 10. Ndf3 Nxe5 11. Nxe5 Nd7 12. f4 Nxe5 13. fxe5 e6 14. Qf3 Rf8
15. e4 f5 16. exf5 gxf5 17. Qg3 Kh8 18. Rf4 Rg8 19. Qh3 Qg5 20. Raf1 Bh6 21. Rh4
Qd2 22. Rxh6 Rxg2+ 23. Kh1 Rg7 24. Bc1 Qc3 25. Rxe6 Qxd4 26. Rh6 Rag8 27. Rxh7+
Rxh7 28. Qxf5 Qh4 29. Qxh7+ Qxh7 30. Bxh7 d4+ {White resigns} 0-1

[Event "Team 45 45 League T94"]
[Site "Internet Chess Club"]
[Date "2022.11.20"]
[Round "6"]
[White "tightfist"]
[Black "ARMAND02019"]
[Result "1-0"]
[WhiteElo "1491"]
[BlackElo "1575"]
[Opening "Sicilian"]
[ECO "B50"]
[Time "21:35:34"]
[PlyCount "135"]
[TimeControl "2700+45"]

1. Nf3 c5 2. e4 d6 3. Bc4 e5 4. O-O Bg4 5. h3 Bh5 6. Nc3 Nc6 7. Be2 Nf6 8. d3 h6
9. Be3 Qd7 10. Nh4 Bxe2 11. Nxe2 Be7 12. Nf5 g6 13. Nxe7 Qxe7 14. f4 O-O-O 15.
c3 Nd7 16. Qd2 f6 17. b4 f5 18. b5 Ncb8 19. a4 fxe4 20. dxe4 Nb6 21. Qd3 d5 22.
exd5 Rxd5 23. Qxg6 exf4 24. Qg4+ N6d7 25. Bxf4 h5 26. Qf3 Rf5 27. Ng3 Rf7 28.
Rfe1 Qf8 29. Nxh5 Rxh5 30. Qxh5 Nf6 31. Qh6 Qg8 32. Re6 Nbd7 33. Rae1 Rh7 34.
Qg5 Rg7 35. Re8+ Nxe8 36. Rxe8+ Qxe8 37. Qxg7 b6 38. Kf2 Qe4 39. Qh8+ Kb7 40. g3
Qxa4 41. Qd8 Qxb5 42. Qc7+ Ka6 43. Qc8+ Ka5 44. Qh8 c4 45. Qg7 a6 46. h4 Qf5 47.
Qg5 Qxg5 48. Bxg5 b5 49. Be7 Ne5 50. h5 Nf7 51. Ke3 Kb6 52. g4 Kc6 53. g5 Kd7
54. Bf6 Ke6 55. h6 a5 56. h7 a4 57. g6 a3 58. gxf7 a2 59. h8=Q a1=Q 60. f8=N+
Kd6 61. Qh2+ Kc6 62. Qg2+ Kd6 63. Qg3+ Kc6 64. Qf3+ Kd6 65. Qf4+ Kc6 66. Qe4+
Kc7 67. Qe7+ Kc6 68. Qd7+ {Black resigns} 1-0

[Event "Team 45 45 League T94"]
[Site "Internet Chess Club"]
[Date "2022.11.19"]
[Round "6"]
[White "sdcohle"]
[Black "olivermx"]
[Result "1/2-1/2"]
[WhiteElo "1299"]
[BlackElo "1331"]
[Opening "Ruy Lopez: Graz variation"]
[ECO "C70"]
[Time "11:34:53"]
[PlyCount "77"]
[TimeControl "2700+45"]

1. e4 e5 2. Nf3 Nc6 3. Bb5 a6 4. Ba4 b5 5. Bb3 Bc5 6. c3 d6 7. h3 h6 8. d4 exd4
9. cxd4 Bb6 10. O-O Nf6 11. Nc3 O-O 12. Re1 Re8 13. a3 Bd7 14. Bc2 Ne7 15. e5
dxe5 16. dxe5 Nh7 17. Be3 Bxe3 18. Rxe3 Bf5 19. Qe2 c5 20. Rd1 Qc7 21. Bxf5 Nxf5
22. Red3 Ne7 23. Rd7 Qc8 24. Qe4 Nf8 25. e6 Nxe6 26. R7d2 Qc6 27. Qxc6 Nxc6 28.
Ne4 c4 29. Rd6 Ne7 30. Ne5 Red8 31. Rd7 Rxd7 32. Rxd7 Ng6 33. Nxf7 Nef4 34.
Nxh6+ gxh6 35. Nf6+ Kf8 36. Nh7+ Ke8 37. Nf6+ Kf8 38. Nh7+ Ke8 39. Nf6+ {Game
drawn by mutual agreement} 1/2-1/2

[Event "Team 45 45 League T94"]
[Site "Internet Chess Club"]
[Date "2022.11.18"]
[Round "6"]
[White "axelcaffe2010"]
[Black "Tjet"]
[Result "0-1"]
[WhiteElo "1192"]
[BlackElo "1248"]
[Opening "King's pawn opening"]
[ECO "B07"]
[Time "19:00:23"]
[PlyCount "84"]
[TimeControl "2700+45"]

1. e4 d6 2. Nf3 Nf6 3. Nc3 c6 4. Bc4 b5 5. Bb3 a5 6. a3 Bb7 7. Ng5 e6 8. d3 h6
9. Nf3 b4 10. axb4 axb4 11. Na4 Be7 12. Bd2 c5 13. O-O O-O 14. e5 Nfd7 15. exd6
Bxd6 16. Qe2 Qf6 17. Kh1 Bxf3 18. gxf3 Qh4 19. f4 Bxf4 20. Bxf4 Qxf4 21. Rg1 Ne5
22. Qe4 Qxe4+ 23. dxe4 Nbd7 24. c4 Nf3 25. Rg3 Nd2 26. Re3 Nxb3 27. Rxb3 Ra5 28.
Rd3 Ne5 29. Rdd1 Nxc4 30. Rdc1 Nd2 31. Nxc5 Rxa1 32. Rxa1 Rc8 33. Ra5 Nc4 34.
Rb5 Nxb2 35. Rxb4 Nd1 36. Nd3 Rd8 37. Rb3 Rxd3 38. Rxd3 Nxf2+ 39. Kg2 Nxd3 40.
Kf3 Ne5+ 41. Ke3 Ng4+ 42. Kf4 Nxh2 {White resigns} 0-1

[Event "Team 45 45 League T94"]
[Site "Internet Chess Club"]
[Date "2022.11.21"]
[Round "6"]
[White "WzeroMN"]
[Black "GINGERsar"]
[Result "0-1"]
[WhiteElo "932"]
[BlackElo "1198"]
[Opening "Ruy Lopez: Graz variation"]
[ECO "C70"]
[Time "14:03:55"]
[PlyCount "40"]
[TimeControl "2700+45"]

1. e4 e5 2. Nf3 Nc6 3. Bb5 a6 4. Ba4 b5 5. Bb3 Bc5 6. O-O Nf6 7. d3 h6 8. Re1 d6
9. Be3 Ba7 10. Bxa7 Rxa7 11. Nc3 Bg4 12. h3 Bh5 13. Nd5 Nd4 14. c3 Nxf3+ 15.
gxf3 c6 16. Nxf6+ Qxf6 17. Re3 O-O 18. Qe2 Qg5+ 19. Kh1 Qh4 20. Rg1 Qxh3# {White
checkmated} 0-1

[Event "Team 45 45 League T94"]
[Site "Internet Chess Club"]
[Date "2022.11.18"]
[Round "6"]
[White "xingon"]
[Black "Gilguli"]
[Result "1-0"]
[WhiteElo "1355"]
[BlackElo "1346"]
[Opening "QGD semi-Slav: 5.e3"]
[ECO "D45"]
[Time "10:05:02"]
[PlyCount "61"]
[TimeControl "2700+45"]

1. d4 d5 2. c4 e6 3. Nc3 Nf6 4. Nf3 c6 5. e3 Qa5 6. a3 Ne4 7. Bd2 Nxd2 8. Qxd2
Nd7 9. b4 Qc7 10. c5 Be7 11. Bd3 O-O 12. Ne2 Nf6 13. Ng3 Bd7 14. e4 a5 15. e5
Ne8 16. O-O g6 17. Qh6 Ng7 18. h4 f6 19. Bxg6 hxg6 20. Qxg6 Be8 21. Qh6 f5 22.
Ne2 Bh5 23. Nf4 Bxf3 24. gxf3 Qd8 25. Kh2 Bxh4 26. Rg1 Bg5 27. Rxg5 Rf7 28. Rag1
Qe7 29. Nh5 axb4 30. Rxg7+ Rxg7 31. Rxg7+ {Black resigns} 1-0

[Event "Team 45 45 League T94"]
[Site "Internet Chess Club"]
[Date "2022.11.16"]
[Round "6"]
[White "smsxman"]
[Black "isolani"]
[Result "0-1"]
[WhiteElo "1435"]
[BlackElo "1301"]
[Opening "Four knights: Ranken variation"]
[ECO "C48"]
[Time "21:01:28"]
[PlyCount "112"]
[TimeControl "2700+45"]

1. e4 e5 2. Nf3 Nc6 3. Nc3 Nf6 4. Bb5 a6 5. Bxc6 dxc6 6. O-O Bd6 7. d4 Bg4 8.
Qd3 Qe7 9. dxe5 Bxe5 10. Nxe5 Qxe5 11. f3 Rd8 12. Qe3 Bh5 13. f4 Qe7 14. e5 Ng4
15. Qa7 O-O 16. h3 Ra8 17. Qxb7 Qc5+ 18. Kh1 Nf2+ 19. Kh2 Bg6 20. Qxc7 Rad8 21.
Na4 Qxc2 22. Be3 Nxh3 23. Kxh3 Rd3 24. Qb6 Be4 25. Rg1 Qxa4 26. b3 Bf5+ 27. g4
Qxf4 28. Rg3 Bxg4+ 29. Kh2 Qxe5 30. Rg1 f5 31. Bc5 Re8 32. Qxc6 Rd2+ 33. Kh1 Qe2
34. Bf2 Qe4+ 35. Qxe4 Rxe4 36. Bc5 Ree2 37. Ra1 Rxa2 38. Rxa2 Rxa2 39. b4 Kf7
40. Re3 Re2 41. Ra3 Re6 42. Kh2 Be2 43. Kg3 g5 44. Rc3 Bb5 45. Ba7 Kg6 46. Bc5
h5 47. Kf2 f4 48. Bf8 Kf5 49. Rc5+ Kg4 50. Bg7 Re2+ 51. Kg1 f3 52. Bd4 Rg2+ 53.
Kh1 Kh3 54. Rf5 Bc6 55. Be3 f2 56. b5 Rg1# {White checkmated} 0-1

[Event "Team 45 45 League T94"]
[Site "Internet Chess Club"]
[Date "2022.11.17"]
[Round "6"]
[White "elmaestro"]
[Black "Portola"]
[Result "0-1"]
[WhiteElo "1636"]
[BlackElo "1701"]
[Opening "Queen's pawn game"]
[ECO "D00"]
[Time "16:36:37"]
[PlyCount "94"]
[TimeControl "2700+45"]

1. d4 d5 2. e3 c6 3. Bd3 Nf6 4. Nd2 Bg4 5. Ngf3 e6 6. h3 Bh5 7. O-O Nbd7 8. Qe1
Bxf3 9. Nxf3 Ne4 10. Nd2 Nef6 11. f4 Be7 12. g4 g6 13. c3 a6 14. a4 c5 15. b3
cxd4 16. exd4 Rc8 17. Nf3 Qb6 18. Rb1 Qc7 19. Bd2 Qb8 20. Ne5 h5 21. g5 Nxe5 22.
fxe5 Nd7 23. Qf2 O-O 24. Qe3 Qc7 25. Rf6 Kg7 26. Rbf1 Qd8 27. Be2 Kg8 28. Bd3
Kg7 29. Qf4 Qe8 30. b4 Nb6 31. Be2 Nc4 32. Bc1 Nb6 33. Bd2 Nxa4 34. Bxh5 Nxc3
35. Rc1 Ne4 36. Rxc8 Qxc8 37. Bf3 Nxd2 38. Qxd2 Qc4 39. Qf2 Qc1+ 40. Kh2 Qxg5
41. h4 Qh6 42. Bg4 Bxf6 43. exf6+ Kg8 44. Kh3 Rc8 45. Qg3 Qc1 46. h5 Qh1+ 47.
Qh2 Rc3+ {White resigns} 0-1

[Event "Team 45 45 League T94"]
[Site "Internet Chess Club"]
[Date "2022.11.19"]
[Round "6"]
[White "rubo"]
[Black "burlap"]
[Result "0-1"]
[WhiteElo "1459"]
[BlackElo "1339"]
[Opening "Queen's Pawn"]
[ECO "A41"]
[Time "21:00:24"]
[PlyCount "84"]
[TimeControl "2700+45"]

1. d4 d6 2. Bf4 g6 3. Nc3 Bg7 4. e4 Nc6 5. Bb5 a6 6. Bxc6+ bxc6 7. Qd2 h6 8. h4
Nf6 9. Nge2 a5 10. f3 Ba6 11. O-O-O Nd7 12. Qe3 Nb6 13. b3 a4 14. Kb1 axb3 15.
cxb3 Rb8 16. e5 Qd7 17. exd6 cxd6 18. Ng3 Nc4 19. Qc1 Qa7 20. d5 cxd5 21. Nxd5
Na3+ 22. Qxa3 Bd3+ 23. Rxd3 Qxa3 24. Bc1 Qc5 25. Ne4 Qa5 26. Rd2 f5 27. Nxd6+
exd6 28. Re1+ Kd8 29. Re7 Bf8 30. Re6 Rb5 31. Ne3 Re5 32. Nc4 Qxd2 33. Bxd2 Rxe6
34. Bc3 Rh7 35. a4 d5 36. Ne5 Bg7 37. f4 Bxe5 38. Bxe5 Rd7 39. a5 d4 40. Kc2 d3+
41. Kd2 Rc6 42. Bc3 Rxc3 {White resigns} 0-1

[Event "Team 45 45 League T94"]
[Site "Internet Chess Club"]
[Date "2022.11.20"]
[Round "6"]
[White "jcule"]
[Black "nosir"]
[Result "0-1"]
[WhiteElo "1359"]
[BlackElo "1404"]
[Opening "Pirc defense"]
[ECO "B07"]
[Time "15:00:27"]
[PlyCount "66"]
[TimeControl "2700+45"]

1. d4 d6 2. e4 Nf6 3. Bd3 Nbd7 4. Bg5 e5 5. c3 Be7 6. Nf3 O-O 7. O-O c5 8. d5 c4
9. Bc2 h6 10. Bxf6 Nxf6 11. Nbd2 Bg4 12. Nxc4 Nh7 13. Bd3 Ng5 14. Ncd2 Qd7 15.
Be2 f5 16. Nxg5 Bxe2 17. Qxe2 Bxg5 18. exf5 Rxf5 19. Ne4 Be7 20. c4 Raf8 21. b3
Qe8 22. Rac1 Qg6 23. Rc3 Rf4 24. Re1 R8f5 25. Rg3 Qf7 26. Rf1 h5 27. Rd3 h4 28.
f3 Qg6 29. h3 Bd8 30. Kh1 Bg5 31. Qe1 Be7 32. Qb4 Rxe4 33. g4 hxg3 {White
resigns} 0-1

[Event "Team 45 45 League T94"]
[Site "Internet Chess Club"]
[Date "2022.11.18"]
[Round "6"]
[White "g8wrb"]
[Black "Fulmar"]
[Result "1-0"]
[WhiteElo "1281"]
[BlackElo "1283"]
[Opening "French: Rubinstein variation"]
[ECO "C03"]
[Time "14:05:38"]
[PlyCount "105"]
[TimeControl "2700+45"]

1. e4 e6 2. d4 d5 3. Nd2 dxe4 4. Nxe4 Nd7 5. Bb5 c6 6. Bd3 Ngf6 7. Nf3 Be7 8.
O-O O-O 9. Bf4 Nxe4 10. Bxe4 Nf6 11. Bd3 b6 12. Re1 Bb7 13. c3 c5 14. dxc5 Bxc5
15. Be3 Qe7 16. Bxc5 Qxc5 17. Re5 Qc7 18. Rg5 Rfd8 19. Qe2 Rd6 20. Ba6 Rad8 21.
Bxb7 Qxb7 22. h3 Qd7 23. Nd4 Rd5 24. Re5 Qd6 25. Re1 Nd7 26. Rxd5 Qxd5 27. Qa6
Qa8 28. f4 Nc5 29. Qb5 Rd5 30. Qe2 Qb7 31. Qb5 Kf8 32. Qb4 Qe7 33. Nc6 Qc7 34.
Ne5 Qd8 35. Nc6 Qd7 36. Ne5 Qc7 37. Qc4 Rd2 38. b4 Qb7 39. Nf3 Nd3 40. Qd4 Ke8
41. Nxd2 Qa6 42. Ra1 Qb5 43. Qc4 Qd7 44. Qd4 Qb5 45. a4 Qd7 46. Qxd7+ Kxd7 47.
Rd1 Kc6 48. g3 Nb2 49. Ra1 f5 50. Kf1 Nd3 51. Ke2 Nb2 52. Ra2 b5 53. axb5+
{Black resigns} 1-0

[Event "Team 45 45 League T94"]
[Site "Internet Chess Club"]
[Date "2022.11.19"]
[Round "6"]
[White "smsxman"]
[Black "Electryon"]
[Result "0-1"]
[WhiteElo "1404"]
[BlackElo "1476"]
[Opening "Sicilian: Nimzovich-Rossolimo attack (without ...d6)"]
[ECO "B30"]
[Time "21:00:24"]
[PlyCount "96"]
[TimeControl "2700+45"]

1. e4 c5 2. Nf3 Nc6 3. Bb5 e5 4. O-O Bd6 5. c3 a6 6. Bxc6 dxc6 7. b3 Ne7 8. Bb2
O-O 9. d4 Bg4 10. Qd3 Bxf3 11. gxf3 Ng6 12. Qd2 Nf4 13. Kh1 Qh4 14. Rg1 Qh3 15.
Rg3 Qe6 16. Na3 b5 17. Rag1 Ng6 18. Rg5 exd4 19. e5 Bxe5 20. cxd4 Bxd4 21. Bxd4
cxd4 22. Qxd4 Rfd8 23. Qa1 Rd5 24. R5g4 Rad8 25. Nc2 Qe2 26. Ne3 Qxf3+ 27. R4g2
Rg5 28. Qc1 Rxg2 29. Nxg2 h6 30. Qe3 Qxe3 31. Nxe3 Rd2 32. Rc1 Rxf2 33. a4 Rf3
34. Rc3 f5 35. Kg2 Nh4+ 36. Kg1 f4 37. Nd1 Rxc3 38. Nxc3 Nf5 39. a5 Nd4 40. b4
Nc2 41. Na2 Kf7 42. Kf2 Ke6 43. Kf3 g5 44. h4 Kd5 45. hxg5 hxg5 46. Kg4 Kc4 47.
Kxg5 f3 48. Kg4 f2 {White resigns} 0-1

[Event "Team 45 45 League T94"]
[Site "Internet Chess Club"]
[Date "2022.11.21"]
[Round "6"]
[White "BlueStorm"]
[Black "Visin"]
[Result "1-0"]
[WhiteElo "1576"]
[BlackElo "1278"]
[Opening "Ruy Lopez: exchange variation"]
[ECO "C68"]
[Time "13:01:37"]
[PlyCount "71"]
[TimeControl "2700+45"]

1. e4 e5 2. Nf3 Nc6 3. Bb5 a6 4. Bxc6 dxc6 5. d3 f6 6. Be3 Bg4 7. Nbd2 Bd6 8. h3
Be6 9. c4 Qe7 10. a3 Nh6 11. b4 c5 12. Qa4+ Bd7 13. Qc2 Nf7 14. a4 cxb4 15. c5
O-O 16. cxd6 Qxd6 17. Bc5 Qc6 18. Rc1 Rfe8 19. Bxb4 Qxa4 20. Qxa4 Bxa4 21. Rxc7
Bc6 22. Nc4 Rac8 23. Rxc8 Rxc8 24. O-O Bb5 25. Rc1 b6 26. Rc3 Bxc4 27. dxc4 Ng5
28. Nxg5 fxg5 29. Kf1 Kf7 30. Ke2 Rd8 31. c5 bxc5 32. Rxc5 Rb8 33. Ba3 Re8 34.
Rc7+ Kg6 35. Rc6+ Re6 36. Rxe6+ {Black resigns} 1-0

[Event "Team 45 45 League T94"]
[Site "Internet Chess Club"]
[Date "2022.11.19"]
[Round "6"]
[White "Knightburgler"]
[Black "BrerRabbit"]
[Result "0-1"]
[WhiteElo "1099"]
[BlackElo "1342"]
[Opening "Queen's pawn: Chigorin variation"]
[ECO "D00"]
[Time "11:05:15"]
[PlyCount "118"]
[TimeControl "2700+45"]

1. d4 d5 2. Nc3 Nf6 3. Bf4 c6 4. e3 Bf5 5. f3 e6 6. g4 Bg6 7. h4 h5 8. g5 Nfd7
9. Bd3 Bxd3 10. Qxd3 g6 11. Nge2 Bg7 12. e4 O-O 13. Bd6 Re8 14. O-O-O Nb6 15. e5
Nc4 16. Bxb8 Rxb8 17. b3 Nb6 18. Rd2 Bf8 19. Kb2 Nd7 20. Na4 b5 21. Nac3 Qa5 22.
Nb1 Rec8 23. c3 Qb6 24. Na3 a5 25. Nc2 c5 26. Rhd1 c4 27. Qe3 cxb3 28. axb3 Rc6
29. Rd3 Rbc8 30. f4 a4 31. b4 Qa6 32. Ka3 Nb6 33. Qf3 Nc4+ 34. Ka2 a3 35. f5
exf5 36. Rf1 Qa4 37. Na1 Rd8 38. Nb3 Rc7 39. Nf4 Nb6 40. Rf2 Qa8 41. Nc5 Bxc5
42. dxc5 Nc4 43. e6 Ne5 44. exf7+ Rxf7 45. Qe2 Nxd3 46. Qxd3 Rh7 47. Nxg6 Re8
48. Rxf5 Rd7 49. Ne5 Rde7 50. Nf3 Re2+ 51. Nd2 R8e3 52. Qxd5+ Qxd5+ 53. Rxd5
Rxc3 54. Rd8+ Kf7 55. Rd7+ Ke6 56. Rd6+ Ke7 57. Rd5 Rc2+ 58. Kxa3 Rcxd2 59. Rd3
Rxd3# {White checkmated} 0-1

[Event "Team 45 45 League T94"]
[Site "Internet Chess Club"]
[Date "2022.11.19"]
[Round "6"]
[White "stantheman59"]
[Black "seattleblues"]
[Result "1-0"]
[WhiteElo "1158"]
[BlackElo "1240"]
[Opening "King's Indian: Smyslov system"]
[ECO "A41"]
[Time "14:11:42"]
[PlyCount "101"]
[TimeControl "2700+45"]

1. d4 d6 2. Nf3 Nf6 3. c4 g6 4. Bg5 Bg7 5. Nc3 O-O 6. Qd2 Bf5 7. Bh6 Re8 8. Bxg7
Kxg7 9. e3 Nc6 10. Bd3 Bxd3 11. Qxd3 e5 12. dxe5 dxe5 13. Qxd8 Raxd8 14. Rd1
Rxd1+ 15. Nxd1 Nb4 16. O-O Nxa2 17. h3 Nb4 18. Nc3 Nd3 19. b3 e4 20. Nd2 c6 21.
f3 exf3 22. Rxf3 Ne1 23. Rg3 Nc2 24. Kf2 Rd8 25. Ke2 Re8 26. Kd3 Nh5 27. Rg5
Nxe3 28. Nde4 Nf5 29. g3 Rd8+ 30. Kc2 Ne3+ 31. Kb1 f6 32. Rc5 f5 33. Ng5 Nxg3
34. Ne6+ Kh6 35. Nxd8 b6 36. Rxc6 Kh5 37. Rc7 h6 38. Rxa7 Kh4 39. Nf7 h5 40. Ra6
Ng2 41. Rxb6 Nf4 42. Ne5 Kxh3 43. Nxg6 Nxg6 44. Rxg6 h4 45. c5 Kg2 46. c6 h3 47.
Rh6 Ne4 48. Nxe4 fxe4 49. c7 h2 50. Rxh2+ Kxh2 51. c8=Q {Black resigns} 1-0

[Event "Team 45 45 League T94"]
[Site "Internet Chess Club"]
[Date "2022.11.21"]
[Round "6"]
[White "burlap"]
[Black "ChessMaine"]
[Result "1-0"]
[WhiteElo "1359"]
[BlackElo "1404"]
[Opening "Queen's pawn, Mason variation, Steinitz counter-gambit"]
[ECO "D00"]
[Time "21:00:23"]
[PlyCount "61"]
[TimeControl "2700+45"]

1. d4 d5 2. Bf4 c5 3. c3 cxd4 4. cxd4 Nc6 5. e3 Bf5 6. Bd3 Bxd3 7. Qxd3 Nf6 8.
Nd2 e6 9. Ngf3 Be7 10. h3 O-O 11. O-O Rc8 12. Ne5 Nxe5 13. Bxe5 Bd6 14. Bxd6
Qxd6 15. Nf3 Ne4 16. Rfc1 Rc7 17. Nd2 Nxd2 18. Qxd2 Rfc8 19. Rc3 Rxc3 20. bxc3
Rc4 21. Rb1 Qc7 22. Rb3 a5 23. Qb2 g6 24. Rxb7 Qc6 25. Rb8+ Kg7 26. Qa3 Rxc3 27.
Qf8+ Kf6 28. Qh8+ Kg5 29. f4+ Kh4 30. Qf6+ Kh5 31. Qg5# {Black checkmated} 1-0

[Event "Team 45 45 League T94"]
[Site "Internet Chess Club"]
[Date "2022.11.17"]
[Round "6"]
[White "Denis240964"]
[Black "jjmolina1"]
[Result "0-1"]
[WhiteElo "1385"]
[BlackElo "1464"]
[Opening "Ponziani: Jaenisch counter-attack"]
[ECO "C44"]
[Time "09:34:51"]
[PlyCount "68"]
[TimeControl "2700+45"]

1. e4 e5 2. Nf3 Nc6 3. c3 Nf6 4. d4 exd4 5. e5 Nd5 6. cxd4 Bb4+ 7. Bd2 d6 8. Qb3
dxe5 9. dxe5 Be6 10. Bxb4 Ndxb4 11. Bc4 Bxc4 12. Qxc4 Qd3 13. Na3 Qxc4 14. Nxc4
Nc2+ 15. Ke2 Nxa1 16. Rxa1 h6 17. a3 O-O-O 18. Rc1 Rhe8 19. Re1 Nd4+ 20. Nxd4
Rxd4 21. b3 Re4+ 22. Ne3 R4xe5 23. Kf1 f5 24. g3 g5 25. h3 f4 26. gxf4 gxf4 27.
Nc2 Rxe1+ 28. Nxe1 Rf8 29. Nd3 f3 30. Ne5 Rf5 31. Ng4 h5 32. Ne3 Rc5 33. Ke1 Rc3
34. a4 Rxb3 {White resigns} 0-1

[Event "Team 45 45 League T94"]
[Site "Internet Chess Club"]
[Date "2022.11.19"]
[Round "6"]
[White "Constrictor"]
[Black "bardu"]
[Result "1-0"]
[WhiteElo "1437"]
[BlackElo "1185"]
[Opening "Queen's Indian: Nimzovich variation (exaggerated fianchetto)"]
[ECO "E15"]
[Time "11:07:38"]
[PlyCount "39"]
[TimeControl "2700+45"]

1. Nf3 Nf6 2. d4 e6 3. c4 b6 4. g3 Ba6 5. Qc2 c5 6. Bg2 Nc6 7. e3 Rc8 8. b3 cxd4
9. exd4 Bb4+ 10. Bd2 O-O 11. O-O d5 12. Bxb4 Nxb4 13. Qd2 Nc6 14. Rc1 Ne4 15.
Qe3 Qf6 16. cxd5 exd5 17. Nbd2 Nxd2 18. Qxd2 Rfe8 19. Re1 Rc7 20. Rxe8# {Black
checkmated} 1-0

[Event "Team 45 45 League T94"]
[Site "Internet Chess Club"]
[Date "2022.11.18"]
[Round "6"]
[White "tamky70"]
[Black "oldbookseller"]
[Result "1-0"]
[WhiteElo "1248"]
[BlackElo "887"]
[Opening "King's gambit"]
[ECO "C30"]
[Time "14:30:23"]
[PlyCount "75"]
[TimeControl "2700+45"]

1. e4 e5 2. f4 d6 3. fxe5 dxe5 4. Nf3 Nc6 5. d3 g6 6. Bd2 Bg7 7. Nc3 Nge7 8. Be2
Bd7 9. O-O O-O 10. Re1 f5 11. Bf1 f4 12. Be2 Qc8 13. Bf1 Bh6 14. Ne2 g5 15. Bc3
g4 16. Nxe5 Be6 17. Nxc6 Nxc6 18. Nd4 g3 19. Nf5 Bg5 20. h3 Qd8 21. Qg4 Nd4 22.
Bxd4 Bxf5 23. exf5 Qxd4+ 24. Kh1 h6 25. Re4 Qf2 26. Re2 Qd4 27. c3 Qd5 28. d4
Rf7 29. Re5 Qd7 30. Bc4 Kf8 31. Rae1 Rf6 32. Re7 Qc6 33. Bb3 f3 34. Qxf3 Bd2 35.
R1e4 Qd6 36. R4e5 Bc1 37. Qxg3 Bxb2 38. Qg7# {Black checkmated} 1-0